 Dungeon Crawl Stone Soup version 0.29.1-2-gbd0b4ee654 (webtiles) character file.

Game seed: 18029416226631654699

124 LustLizard the Firebug (level 5, -3/40 HPs)
             Began as a Hill Orc Fire Elementalist on Nov 9, 2022.
             Slain by Terence
             ... wielding a +0 flail
              (10 damage)
             ... on level 3 of the Dungeon.
             The game lasted 00:06:05 (3506 turns).

LustLizard the Firebug (Hill Orc Fire Elementalist) Turns: 3506, Time: 00:06:05

Health: -3/40      AC:  4    Str: 15    XL:     5   Next: 8%
Magic:  0/7        EV: 11    Int: 15    God:
Gold:   91         SH:  5    Dex:  8    Spells: 1/7 levels left

rFire   + . .      SeeInvis .   j - +0 short sword
rCold   x . .      Faith    .   (no shield)
rNeg    + . .      Spirit   .   v - +0 leather armour
rPois   .          Reflect  +   (no helmet)
rElec   .          Harm     .   (no cloak)
rCorr   .          Rampage  .   (no gloves)
Will    .....                   g - +0 pair of boots
Stlth   ++........              h - amulet of reflection
HPRegen 0.13/turn               p - ring "Jeutracw" {Fire rN+ Str+2 Dex-3 Stlth+}
MPRegen 0.10/turn               (no ring)

@: no status effects
A: no striking features
a: no special abilities


You were on level 3 of the Dungeon.
You visited 1 branch of the dungeon, and saw 3 of its levels.

You collected 91 gold pieces.

Inventory:

Hand Weapons
 j - a +0 short sword (weapon)
Missiles
 d - a throwing net
 i - 5 poisoned darts
Armour
 a - a +0 robe
 g - a +0 pair of boots (worn)
 s - a +0 buckler
 v - a +0 leather armour (worn)
Jewellery
 h - an amulet of reflection (around neck)
 p - the ring "Jeutracw" (left hand) {Fire rN+ Str+2 Dex-3 Stlth+}
   (You found it on level 2 of the Dungeon)

   [ring of fire]

   It enhances your fire magic.
   Str:       It affects your strength (+2).
   Dex:       It affects your dexterity (-3).
   rF:        It protects you from fire.
   rC:        It makes you vulnerable to cold.
   rN:        It protects you from negative energy.
   Stlth:     It makes you more stealthy.
Scrolls
 e - a scroll of vulnerability {unknown}
 l - 2 scrolls of identify {unknown}
 m - 2 scrolls of teleportation {unknown}
 o - a scroll of amnesia {unknown}
 r - 2 scrolls of blinking {unknown}
Potions
 b - a potion of magic
 c - 8 potions of curing {unknown}
 f - 2 potions of might {unknown}
 k - a potion of invisibility {unknown}
 n - 3 potions of attraction {unknown}
 q - a potion of resistance {unknown}
 t - a potion of cancellation {unknown}
 u - a potion of heal wounds {unknown}


   Skills:
 + Level 1.5 Fighting
 + Level 2.1 Dodging
 + Level 2.1 Stealth
 + Level 1.9 Spellcasting
 - Level 2.4 Conjurations
 + Level 0.0 Hexes
 - Level 4.1 Fire Magic


You had one spell level left.
You knew the following spells:

 Your Spells              Type           Power      Damage    Failure   Level
a - Foxfire               Conj/Fire      68%        2x1d7     7%          1
b - Scorch                Fire           40%        2d7       8%          2
c - Inner Flame           Hex/Fire       11%        N/A       34%         3

Your spell library contained the following spells:

 Spells                   Type           Power      Damage    Failure   Level
 Conjure Flame            Conj/Fire      17%        6-21      22%         3
 Flame Wave               Conj/Fire      17%        2d7       56%         4
 Portal Projectile        Hex/Tloc       2%         N/A       63%         3
 Tukima's Dance           Hex            1%         N/A       63%         3
 Blade Hands              Tmut           0%         N/A       100%        5


Dungeon Overview and Level Annotations

Branches:
Dungeon (3/15)

Altars:

Shops:
D:1 !

Annotations:
D:3 2 runed translucent doors, Terence


Message History

You feel a surge of power!
Flames lash Terence.
Terence is burned terribly!
Terence is severely wounded.
Terence hits you with a +0 flail.
Unknown command.
You hit Terence but do no damage.
Terence is severely wounded.
Terence hits you with a +0 flail.
You barely miss Terence.
Terence is severely wounded.
You block Terence's attack.
You hit Terence but do no damage.
Terence is severely wounded.
Terence asks, "Do you want it fast or slow?"
Terence hits you with a +0 flail!
You closely miss Terence.
Terence is severely wounded.
Terence hits you with a +0 flail! You block Terence's attack.
You hit Terence but do no damage.
Terence is severely wounded.
Terence hits you with a +0 flail!
* * * LOW HITPOINT WARNING * * *
You hit Terence.
Terence is severely wounded.
Terence barely misses you.
Casting: Scorch (safe; 8% risk of failure)
Confirm with . or Enter, or press ? or * to list all spells.
You don't have enough magic to cast this spell.
Casting: Scorch (safe; 8% risk of failure)
Confirm with . or Enter, or press ? or * to list all spells.
You feel a surge of power!
You conjure some foxfire!
Terence barely misses you.
You barely miss Terence.
Terence is severely wounded.
The foxfire hits Terence.
Terence is severely wounded.
The foxfire hits Terence.
Terence is burned terribly!
Terence is almost dead.
Terence barely misses you.
Terence is no longer more vulnerable to fire.
Terence attacks as you move away! Terence hits you with a +0 flail!
You die...

.##...# #.# .##.### #.#
....## .. ### ## .....#
#.... .....# #.#.
.....# # #.$ .....#
#.#.####### .....#
#.).@.....# .....#
####@####.# .....#
#.....# #.# .....#
#.#...###.# .#####
######.#.....#.#
.#######.......##.#.#.#
..................#.#.#
..######........###.#.#
.....####.....#.###.#.#
............#.#.#...#.#


You could see Terence.

Vanquished Creatures
  3 gnolls (D:3)
  2 adders (D:2)
  3 worms
  A dart slug (D:1)
  6 orcs (D:3)
  4 endoplasms
  3 giant cockroaches (D:2)
  4 goblins
  6 hobgoblins
  3 jackals (D:2)
  A quokka (D:1)
  8 ball pythons
  4 bats
  2 frilled lizards
  4 kobolds
  4 rats
58 creatures vanquished.

Vanquished Creatures (others)
  183 foxfires
183 creatures vanquished.

Grand Total: 241 creatures vanquished

Notes
Turn   | Place    | Note
-------+----------+-------------------------------------------
     0 | D:1      | LustLizard the Hill Orc Fire Elementalist began the quest
                  | for the Orb.
     0 | D:1      | Reached XP level 1. HP: 14/14 MP: 3/3
   439 | D:1      | Reached XP level 2. HP: 20/20 MP: 1/4
   483 | D:1      | Found a faded altar of an unknown god.
   922 | D:1      | Found Tusos's Distillery.
  1192 | D:2      | Reached XP level 3. HP: 27/27 MP: 1/5
  1393 | D:2      | Identified the ring "Jeutracw" {Fire rN+ Str+2 Dex-3
                  | Stlth+}
  1418 | D:2      | Reached skill level 1 in Fighting
  1842 | D:2      | Reached XP level 4. HP: 32/35 MP: 1/6
  2374 | D:3      | Reached skill level 4 in Fire Magic
  2959 | D:3      | Reached XP level 5. HP: 39/40 MP: 7/7
  3109 | D:3      | Found a large runed translucent door.
  3110 | D:3      | Found a large runed translucent door.
  3439 | D:3      | Learned a level 2 spell: Scorch
  3443 | D:3      | Learned a level 3 spell: Inner Flame
  3481 | D:3      | Noticed Terence
  3506 | D:3      | Slain by Terence

Illustrated notes

Levels and vault maps discovered:
D:1:      dpeg_arrival_tiny_a, layout_basic, serial_shops, nicolae_shop_trees,
          nicolae_ecumenical_snake_handling
D:2:      layout_basic, grunt_ministairs_13, nicolae_hexahallways
D:3:      layout_basic, jmf_multi_god_temple2, minmay_liquid_box, minivault_19,
          uniq_terence

Skill      XL: |  1  2  3  4 |
---------------+-------------+-----
Fighting       | 1 |  1.5
Dodging        | 2 |  2.1
Conjurations   | 2 |  2.4
Stealth        | 2 |  2.1
Fire Magic     | 4 |  4.1
Spellcasting   | |  1.9

Action                   |  1- 3 |  4- 6 || total
-------------------------+-------+-------++-------
Melee: Unarmed           |     8 |       ||     8
       Short sword       |    17 |    42 ||    59
 Cast: Foxfire           |    59 |    45 ||   104
       Scorch            |       |     3 ||     3
Armor: Robe              |     5 |     7 ||    12
Dodge: Dodged            |    29 |    32 ||    61
Block: Other             |       |     9 ||     9
